 Dungeon Crawl Stone Soup version 0.29.1-1-gd02db6906a (webtiles) character file.

Game seed: 2143284874059956267

114 warriortoast the Conjurer (level 4, -9/24 HPs)
             Began as a Deep Elf Conjurer on Sept 24, 2022.
             Mangled by Blork the orc
             ... wielding a +0 glaive
              (11 damage)
             ... on level 3 of the Dungeon.
             The game lasted 00:04:35 (3580 turns).

warriortoast the Conjurer (Deep Elf Conjurer)       Turns: 3580, Time: 00:04:36

Health: -9/24      AC:  2    Str:  4    XL:     4   Next: 66%
Magic:  8/13       EV: 12    Int: 25    God:
Gold:   115        SH:  0    Dex: 13    Spells: 12/13 levels left

rFire   . . .      SeeInvis .   (no weapon)
rCold   . . .      Faith    .   (no shield)
rNeg    . . .      Spirit   .   a - +0 robe
rPois   .          Reflect  .   (no helmet)
rElec   .          Harm     .   (no cloak)
rCorr   .          Rampage  .   (no gloves)
Will    .....                   (no boots)
Stlth   ++........              (no amulet)
HPRegen 0.08/turn               (no ring)
MPRegen 0.13/turn               (no ring)

@: no status effects
A: no striking features
a: no special abilities


You were on level 3 of the Dungeon.
You visited 1 branch of the dungeon, and saw 4 of its levels.

You collected 115 gold pieces.

Inventory:

Armour
 a - a +0 robe (worn)
Jewellery
 g - a ring of protection from fire
Scrolls
 c - a scroll of blinking {unknown}
 e - a scroll of identify {unknown}
 f - a scroll of magic mapping {unknown}
 i - 2 scrolls of teleportation {unknown}
 j - a scroll of amnesia {unknown}
 l - a scroll of fear {unknown}
 n - a scroll of immolation {unknown}
Potions
 b - a potion of magic
 d - a potion of curing {unknown}
 h - a potion of degeneration {unknown}
 k - a potion of mutation {unknown}
 m - a potion of heal wounds {unknown}


   Skills:
 - Level 2.4 Dodging
 - Level 2.4 Stealth
 + Level 5.1 Spellcasting
 + Level 5.7 Conjurations


You had 12 spell levels left.
You knew the following spells:

 Your Spells              Type           Power      Damage    Failure   Level
a - Magic Dart            Conj           100%       1d8       1%          1

Your spell library contained the following spells:

 Spells                   Type           Power      Damage    Failure   Level
 Searing Ray              Conj           68%        2d6       1%          2
 Dazzling Flash           Conj/Hex       40%        N/A       8%          3
 Sting                    Tmut/Pois      24%        1d4       9%          1
 Poisonous Vapours        Pois/Air       12%        N/A       12%         2
 Fulminant Prism          Conj/Hex       10%        3d9       26%         4
 Iskenderun's Mystic Bla  Conj/Tloc      20%        2d6       26%         4
 Olgreb's Toxic Radiance  Pois           6%         N/A       63%         4
 Agony                    Necr           6%         N/A       92%         5
 Silence                  Hex/Air        3%         N/A       92%         5


Dungeon Overview and Level Annotations

Branches:
Dungeon (4/15)
 Temple: D:4-7

Altars:
Gozag
Kikubaaqudgha
Zin

Shops:
D:1 :

Annotations:
D:3 Blork the orc
D:4 Natasha


Message History

You are too injured to fight recklessly!
Casting: Magic Dart (safe; 1% risk of failure)
Confirm with . or Enter, or press ? or * to list all spells.
Okay, then.
Casting: Magic Dart (safe; 1% risk of failure)
Confirm with . or Enter, or press ? or * to list all spells.
Aiming: Magic Dart (safe; 1% risk of failure)
Press: ? - help, Shift-Dir - straight line, f/p - Blork the orc
Aim: Blork the orc, wielding a +0 glaive and wearing a +1 robe (lightly wounded, 100% to hit)
The magic dart hits Blork the orc.
Blork the orc is moderately wounded.
Blork the orc casts a spell at you. The magic dart hits you.
* * * LOW HITPOINT WARNING * * *
Unknown command.
Casting: Magic Dart (safe; 1% risk of failure)
Confirm with . or Enter, or press ? or * to list all spells.
Aiming: Magic Dart (safe; 1% risk of failure)
Press: ? - help, Shift-Dir - straight line, f/p - Blork the orc
Aim: Blork the orc, wielding a +0 glaive and wearing a +1 robe (moderately wounded, 100% to hit)
The magic dart hits Blork the orc.
Blork the orc is heavily wounded.
Blork the orc closely misses you.
Casting: Magic Dart (safe; 1% risk of failure)
Confirm with . or Enter, or press ? or * to list all spells.
Aiming: Magic Dart (safe; 1% risk of failure)
Press: ? - help, Shift-Dir - straight line, f/p - Blork the orc
Aim: Blork the orc, wielding a +0 glaive and wearing a +1 robe (heavily wounded, 100% to hit)
The magic dart hits Blork the orc but does no damage.
Blork the orc is heavily wounded.
Blork the orc looks satisfied for a moment.
Casting: Magic Dart (safe; 1% risk of failure)
Confirm with . or Enter, or press ? or * to list all spells.
Aiming: Magic Dart (safe; 1% risk of failure)
Press: ? - help, Shift-Dir - straight line, f/p - Blork the orc
Aim: Blork the orc, wielding a +0 glaive and wearing a +1 robe (heavily wounded, 100% to hit)
The magic dart hits Blork the orc!
Blork the orc is severely wounded.
Blork the orc hits you with a +0 glaive!
You die...

#.# ####.##### ###.## #.#
#........# #.## ##'## #.##.###.#
#..# ##..>## #.##.# #)# ##.#
##.....## #....# #.# ##.#
##....)..## ##..### #.# ##..#
##.........####...#####.#####...#
.+<........'.....o...............
##.........####.@.###########...#
##.......## ##......# ##..#
##.....## #..###.# ##.# ##...##
#..# #.# #.# ##'## #..###.# #.#
#.# #....#.# #####.#
#.#########.##.#.# ###.....#
######........##......# #.......#
#........####.#####.### #.#.###.#


You could see Blork the orc.

Vanquished Creatures
  Jessica (D:3)
  4 adders
  A worm (D:2)
  4 endoplasms
  A giant cockroach (D:2)
  6 goblins
  A hobgoblin (D:2)
  7 jackals
  3 kobolds (D:1)
  A quokka (D:1)
  3 ball pythons
  7 bats
  3 frilled lizards
  8 rats
50 creatures vanquished.

Notes
Turn   | Place    | Note
-------+----------+-------------------------------------------
     0 | D:1      | warriortoast the Deep Elf Conjurer began the quest for the
                  | Orb.
     0 | D:1      | Reached XP level 1. HP: 10/10 MP: 6/6
   142 | D:1      | Reached XP level 2. HP: 15/15 MP: 1/8
   495 | D:1      | Found Jaupp's Book Boutique.
   770 | D:1      | Found a faded altar of an unknown god.
  1397 | D:2      | Reached skill level 5 in Conjurations
  1397 | D:2      | Reached XP level 3. HP: 19/19 MP: 8/10
  1553 | D:2      | Found an ancient bone altar of Kikubaaqudgha.
  2602 | D:3      | Reached XP level 4. HP: 24/24 MP: 7/12
  2882 | D:3      | Noticed Jessica
  2887 | D:3      | Killed Jessica
  2888 | D:3      | Reached skill level 5 in Spellcasting
  3298 | D:3      | Found an opulent altar of Gozag.
  3298 | D:3      | Found a glowing silver altar of Zin.
  3540 | D:4      | Noticed Natasha
  3540 | D:4      | Noticed an ogre
  3573 | D:4      | Noticed Blork the orc
  3580 | D:3      | Mangled by Blork the orc

Illustrated notes

Levels and vault maps discovered:
D:1:      dpeg_arrival_subterranean_lakeside_camping, layout_basic,
          serial_shops, shop_statue, shapermc_ecumenical_altar_acropolis
D:2:      layout_loops_ring, basic_altar, feat_on_display
D:3:      layout_loops_corners, grunt_temple_overflow_gold_and_silver,
          grunt_ministairs_11, uniq_jessica
D:4:      layout_rooms, uniq_duvessa, uniq_blork_the_orc, uniq_pikel,
          uniq_natasha, uniq_crazy_yiuf_cottage

Skill      XL: |  1  2  3  4 |
---------------+-------------+-----
Spellcasting   | 4 5 |  5.1
Conjurations   | 5 |  5.7
Dodging        | |  2.4
Stealth        | |  2.4

Action                   |  1- 3 |  4- 6 || total
-------------------------+-------+-------++-------
 Cast: Magic Dart        |    89 |    18 ||   107
Armor: Robe              |     2 |       ||     2
Dodge: Dodged            |     5 |     1 ||     6
